 Dungeon Crawl Stone Soup version 0.27.1-34-g3ba077fa99 (webtiles) character file.

Game seed: 4100842090038514919

27 Arum the Stinger (level 3, 0/24 HPs)
             Began as a Formicid Venom Mage on Jan 7, 2022.
             Frozen to death by an endoplasm (5 damage)
             ... on level 2 of the Dungeon.
             The game lasted 00:02:44 (764 turns).

Arum the Stinger (Formicid Venom Mage)               Turns: 764, Time: 00:02:45

Health: 0/24       AC:  2    Str: 12    XL:     3   Next: 25%
Magic:  1/7        EV: 12    Int: 15    God:
Gold:   7          SH:  0    Dex: 11    Spells: 4/7 levels left

rFire    . . .     SeeInvis +   (no weapon)
rCold    . . .     Faith    .   (no shield)
rNeg     . . .     Spirit   .   a - +0 robe
rPois    .         Reflect  .   (helmet unavailable)
rElec    .         Harm     .   (no cloak)
rCorr    .         Rampage  .   (no gloves)
Will     .....                  (no boots)
Stlth    ++........             (no amulet)
HPRegen  0.08/turn              (no ring)
MPRegen  0.10/turn              (no ring)

@: no status effects
A: permanent stasis, dig shafts and tunnels, antennae 3, four strong arms
a: Dig, Shaft Self


You were on level 2 of the Dungeon.
You visited 1 branch of the dungeon, and saw 2 of its levels.

You collected 7 gold pieces.

Inventory:

Armour
 a - a +0 robe (worn)
Scrolls
 b - 2 scrolls of identify {unknown}
 c - a scroll of fog {unknown}


   Skills:
 + Level 2.1 Dodging
 - Level 2.4 Stealth
 * Level 2.8 Spellcasting
 - Level 1.1 Transmutations
 * Level 4.7 Poison Magic


You had 4 spell levels left.
You knew the following spells:

 Your Spells              Type           Power      Damage    Failure   Level
a - Sting                 Tmut/Pois      40%        1d5       6%          1
b - Poisonous Vapours     Pois/Air       18%        N/A       12%         2

Your spell library contained the following spells:

 Spells                   Type           Power      Damage    Failure   Level
 Corona                   Hex            2%         N/A       21%         1
 Olgreb's Toxic Radiance  Pois           16%        N/A       28%         4
 Ensorcelled Hibernation  Hex/Ice        4%         N/A       30%         2
 Mephitic Cloud           Conj/Pois/Air  6%         N/A       32%         3
 Stone Arrow              Conj/Erth      4%         3d7       52%         3
 Tukima's Dance           Hex            2%         N/A       52%         3
 Animate Armour           Summ/Erth      4%         N/A       90%         4
 Lehudib's Crystal Spear  Conj/Erth      1%         10d2      100%        8


Dungeon Overview and Level Annotations

Branches:
Dungeon (1/15)

Altars:

Shops:
D:2 [


Innate Abilities, Weirdness & Mutations

You cannot be hasted, slowed, berserked, paralysed or teleported.
You can dig through walls and to a lower floor.
You have a pair of large antennae on your head. (SInv)
Your four strong arms can wield two-handed weapons with a shield.


Message History

Confirm with . or Enter, or press ? or * to list all spells.
Aiming: Sting (safe; 6% risk of failure)
Press: ? - help, Shift-Dir - straight line, f/p - endoplasm
Aim: an endoplasm (moderately wounded, 98% to hit)
The sting hits the endoplasm.
The endoplasm partially resists.
The endoplasm is heavily wounded.
The endoplasm closely misses you.
Casting: Sting (safe; 6% risk of failure)
Confirm with . or Enter, or press ? or * to list all spells.
Aiming: Sting (safe; 6% risk of failure)
Press: ? - help, Shift-Dir - straight line, f/p - endoplasm
Aim: an endoplasm (heavily wounded, 98% to hit)
The sting hits the endoplasm.
The endoplasm partially resists.
The endoplasm is poisoned.
The endoplasm is severely wounded.
The endoplasm misses you. The goblin hits you with a +0 club.
Unknown command.
The endoplasm looks more healthy.
Casting: Sting (safe; 6% risk of failure)
Confirm with . or Enter, or press ? or * to list all spells.
Aiming: Sting (safe; 6% risk of failure)
Press: ? - help, Shift-Dir - straight line, f/p - endoplasm
Aim: an endoplasm (almost dead, 98% to hit)
The sting hits the goblin.
The goblin is poisoned.
You kill the goblin!
A hobgoblin comes into view.
The endoplasm freezes you.
You are frozen.
The hobgoblin moves out of view.
The endoplasm freezes you.
You are frozen.
The endoplasm freezes you.
You are frozen.
* * * LOW HITPOINT WARNING * * *
The hobgoblin shouts!
The hobgoblin hits you.
* * * LOW HITPOINT WARNING * * *
The endoplasm freezes you.
You are frozen.
You die...

.... ##...#
###########.....#
#...........>...
####.#$>..........
##....#.o..)..?..#
{
..........gg.....#
#####.{###J##.####
####.{##
#.@.....###
#....##
###.......# #..J##
####.##.###
##....# #......##
#.....########
###..o..##
#.###.)......#
#####..## #.
##.o.....#
##∩#.o..# #
#.......#
#+#.{##.###
#.###..###
#.#.###....


You could see an orc, an endoplasm and 2 hobgoblins.

Vanquished Creatures
  A gnoll (D:1)
  A dart slug (D:1)
  2 endoplasms (D:1)
  2 hobgoblins (D:1)
  2 quokkas (D:1)
  2 ball pythons (D:1)
  2 frilled lizards (D:1)
  2 goblins
  A rat (D:1)
15 creatures vanquished.

Vanquished Creatures (others)
  4 toadstools (D:1)
4 creatures vanquished.

Grand Total: 19 creatures vanquished

Notes
Turn   | Place    | Note
-------+----------+-------------------------------------------
     0 | D:1      | Arum the Formicid Venom Mage began the quest for the Orb.
     0 | D:1      | Reached XP level 1. HP: 13/13 MP: 3/3
   122 | D:1      | Reached XP level 2. HP: 11/19 MP: 3/5
   465 | D:1      | Reached XP level 3. HP: 24/24 MP: 2/7
   661 | D:1      | Learned a level 2 spell: Poisonous Vapours
   715 | D:1      | You fall into a shaft and drop 1 floor!
   715 | D:2      | Found Zisomm's Armour Boutique.
   764 | D:2      | Frozen to death by an endoplasm

Illustrated notes

Levels and vault maps discovered:
D:1:      ldierk_water_garden, layout_basic,
          shapermc_ecumenical_altar_mp_urbaneastern, st_stairs_9
D:2:      layout_rooms, serial_shops, nicolae_shop_window_shopping,
          chequers_serial_rivers_micro_d, kennysheep_cluttered_room,
          nrook_mini_vaults, uniq_natasha

Skill      XL: |  1  2 |
---------------+-------+-----
Dodging        | 2 |  2.1
Stealth        | |  2.4
Spellcasting   | |  2.8
Transmutations | |  1.1
Poison Magic   | |  4.7

Action                   || total
-------------------------++-------
Melee: Unarmed           ||     2
 Cast: Sting             ||    28
       Poisonous Vapours ||     1
Armor: Robe              ||     3
Dodge: Dodged            ||    10
